 Dungeon Crawl Stone Soup version 0.30-a0-365-ge7f957f1db (webtiles) character file.

Game seed: 9204474373122965889

536 qeuew the Conjurer (level 7, -4/36 HPs)
             Began as a Deep Elf Conjurer on Nov 16, 2022.
             Killed by divine providence
             ... invoked by an orc priest
              (12 damage)
             ... on level 4 of the Dungeon.
             The game lasted 00:03:57 (3176 turns).

qeuew the Conjurer (Deep Elf Conjurer)              Turns: 3176, Time: 00:04:04

Health: -4/36      AC:  6    Str:  4      XL:     7   Next: 4%
Magic:  1/16       EV: 12    Int: 23      God:
Gold:   127        SH:  0    Dex: 13 (15) Spells: 13/16 levels left

rFire   . . .      SeeInvis .    i - +1 dagger (freeze)
rCold   . . .      Faith    .    (no shield)
rNeg    . . .      Spirit   .    c - +0 leather armour
rPois   .          Reflect  .    (no helmet)
rElec   .          Harm     .    (no cloak)
rCorr   .          Rampage  .    g - +2 pair of gloves
Will    .....                    (no boots)
Stlth   ++........               (no amulet)
HPRegen 0.26/turn                e - ring of wizardry
MPRegen 0.15/turn                (no ring)

@: lethally poisoned (-4 -> -11), studying Staves
A: sense surroundings 1, screaming 1
a: no special abilities


You were on level 4 of the Dungeon.
You visited 1 branch of the dungeon, and saw 4 of its levels.

You collected 127 gold pieces.

Inventory:

Hand Weapons
 i - a +1 dagger of freezing (weapon)
Armour
 c - a +0 leather armour (worn)
 g - a +2 pair of gloves (worn)
Jewellery
 e - a ring of wizardry (left hand)
Scrolls
 a - a scroll of identify {unknown}
 b - 2 scrolls of teleportation
 f - 2 scrolls of magic mapping
Potions
 d - 2 potions of curing
 h - a potion of mutation


   Skills:
 - Level 0.7 Short Blades
 + Level 2.1 Staves
 + Level 2.2 Armour
 + Level 4.5 Dodging
 + Level 4.7 Stealth
 + Level 5.1 Spellcasting
 + Level 5.6 Conjurations


You had 13 spell levels left.
You knew the following spells:

 Your Spells              Type           Power      Damage    Failure   Level
a - Magic Dart            Conj           100%       1d8       1%          1
b - Searing Ray           Conj           62%        2d6       1%          2

Your spell library contained the following spells:

 Spells                   Type           Power      Damage    Failure   Level
 Summon Small Mammal      Summ           20%        N/A       6%          1
 Dazzling Flash           Conj/Hex       36%        N/A       6%          3
 Scorch                   Fire           10%        2d5       10%         2
 Call Canine Familiar     Summ           5%         N/A       19%         3
 Summon Guardian Golem    Hex/Summ       5%         N/A       19%         3
 Flame Wave               Conj/Fire      18%        2d7       21%         4
 Fulminant Prism          Conj/Hex       9%         3d7       21%         4
 Iskenderun's Mystic Bla  Conj/Tloc      18%        2d6       21%         4
 Summon Cactus Giant      Summ           2%         N/A       100%        6


Dungeon Overview and Level Annotations

Branches:
Dungeon (4/15)
 Temple: D:4-7

Altars:


Innate Abilities, Weirdness & Mutations

You passively map a small area around you.
You occasionally shout uncontrollably at your foes.


Message History

You are poisoned.
You closely miss the orc priest.
You feel sick.
The orc priest calls down the wrath of Beogh upon you.
Beogh smites you!
You hit the orc priest. You freeze the orc priest.
The orc priest is moderately wounded.
You feel sick.
The orc priest hits you but does no damage.
You are more poisoned.
You completely miss the orc priest.
The orc priest is moderately wounded.
You feel sick.
The orc priest hits you with a +2 whip of venom.
* * * LOW HITPOINT WARNING * * *
You are lethally poisoned!
You feel better.
The orc priest mumbles some strange prayers to Beogh against you.
Pain shoots through your body!
Aiming: Magic Dart (safe; 1% risk of failure)
Press: ? - help, Q - select action, (/) - cycle Shift-Dir - straight line, f/p - orc priest
Aim: an orc priest, wielding a +2 whip of venom and wearing a +0 scale mail (moderately wounded, 100% to hit)
The magic dart hits the orc priest but does no damage.
The orc priest is moderately wounded.
The orc priest hits you with a +2 whip of venom.
* * * LOW HITPOINT WARNING * * *
You hit the orc priest but do no damage.
The orc priest is moderately wounded.
The orc priest hits you with a +2 whip of venom.
* * * LOW HITPOINT WARNING * * *
You are lethally poisoned!
You feel better.
The orc priest hits you with a +2 whip of venom.
You are poisoned.
You barely miss the orc priest.
The orc priest is moderately wounded.
* * * LOW HITPOINT WARNING * * *
You feel very sick.
The orc priest invokes the aid of Beogh against you.
Beogh smites you!
You die...

* , * .## .? ..#####.##
#########........#
....†))..>.....#.##
....###............ ###
....# #.......##.##...
....# ##......#...#.#
....# #........@o.)#
....#
#......#..(#.....,
....####......##..#
,...
......##.........#..# #
...)..##.....##.##..#,
......##.....#....##..
*
......#####........#...
......# #..#...#......)
......# #..##.##.#...#.


You could see an orc priest.

Vanquished Creatures
  Sigmund (D:4)
  A black bear (D:4)
  A scorpion (D:4)
  Jessica (D:3)
  An orc wizard (D:4)
  5 adders
  6 gnolls (D:2)
  2 worms (D:2)
  4 dart slugs
  3 orcs (D:4)
  3 bats
  4 endoplasms
  3 giant cockroaches
  5 goblins
  A hobgoblin (D:2)
  3 jackals (D:2)
  2 quokkas
  9 ball pythons
  3 frilled lizards
  8 kobolds
  5 rats
71 creatures vanquished.

Notes
Turn   | Place    | Note
-------+----------+-------------------------------------------
     0 | D:1      | qeuew the Deep Elf Conjurer began the quest for the Orb.
     0 | D:1      | Reached XP level 1. HP: 10/10 MP: 6/6
   256 | D:1      | Reached XP level 2. HP: 15/15 MP: 4/8
   315 | D:1      | Learned a level 2 spell: Searing Ray
   998 | D:2      | Reached XP level 3. HP: 19/19 MP: 1/9
  1350 | D:2      | Reached skill level 1 in Armour
  1351 | D:2      | Reached XP level 4. HP: 13/24 MP: 7/11
  1505 | D:2      | Identified the +3 sling of the Scavenger {elec, rPois
                  | Dex+6}
  2052 | D:2      | Gained mutation: You have hidden genetic defects. [potion
                  | of mutation]
  2052 | D:2      | Gained mutation: You have terrible hidden genetic defects.
                  | [potion of mutation]
  2052 | D:2      | Gained mutation: You are partially covered in iridescent
                  | scales. (AC +2) [potion of mutation]
  2055 | D:2      | Lost mutation: You are partially covered in iridescent
                  | scales. (AC +2) [potion of mutation]
  2055 | D:2      | Lost mutation: You have terrible hidden genetic defects.
                  | [potion of mutation]
  2055 | D:2      | Gained mutation: You occasionally shout uncontrollably at
                  | your foes. [potion of mutation]
  2055 | D:2      | Gained mutation: Your mind is acute. (Int +4, Str/Dex -1)
                  | [potion of mutation]
  2055 | D:2      | Gained mutation: You passively map a small area around you.
                  | [potion of mutation]
  2056 | D:2      | Lost mutation: You have hidden genetic defects. [potion of
                  | mutation]
  2056 | D:2      | Lost mutation: Your mind is acute. (Int +4, Str/Dex -1)
                  | [potion of mutation]
  2056 | D:2      | Lost mutation: You occasionally shout uncontrollably at
                  | your foes. [potion of mutation]
  2056 | D:2      | Gained mutation: Your natural rate of healing is unusually
                  | fast. [potion of mutation]
  2056 | D:2      | Lost mutation: Your natural rate of healing is unusually
                  | fast. [potion of mutation]
  2056 | D:2      | Gained mutation: You occasionally shout uncontrollably at
                  | your foes. [potion of mutation]
  2126 | D:3      | Reached skill level 5 in Conjurations
  2246 | D:3      | Reached XP level 5. HP: 28/28 MP: 10/13
  2403 | D:3      | Noticed Jessica
  2407 | D:3      | Killed Jessica
  3034 | D:4      | Noticed Sigmund
  3034 | D:4      | Noticed a black bear
  3041 | D:4      | Killed a black bear
  3042 | D:4      | Reached skill level 1 in Staves
  3042 | D:4      | Reached XP level 6. HP: 22/32 MP: 5/15
  3043 | D:4      | Killed Sigmund
  3044 | D:4      | Reached skill level 5 in Spellcasting
  3159 | D:4      | Reached XP level 7. HP: 36/36 MP: 7/16
  3176 | D:4      | Killed from afar by an orc priest

Illustrated notes

Levels and vault maps discovered:
D:1:      amcnicky_arrival_blooded_trapdoor, layout_basic
D:2:      layout_loops_ring
D:3:      layout_basic, minivault_14, nicolae_elevator_lobby_asterisk,
          uniq_jessica
D:4:      layout_basic, mainiacjoe_overflow_boulevard,
          chequers_serial_rivers_micro_b, hangedman_decor_clover_reticule,
          nicolae_shop_overcharged_wands, uniq_eustachio, uniq_sigmund

Skill      XL: |  1  2  3  4  5  6 |
---------------+-------------------+-----
Stealth        | 3 4 |  4.7
Dodging        | 3 4 |  4.5
Armour         | 1 2 |  2.2
Spellcasting   | 4 5 |  5.1
Conjurations   | 5 |  5.6
Staves         | 1 2 |  2.1
Short Blades   | |  0.7

Action                   |  1- 3 |  4- 6 |  7- 9 || total
-------------------------+-------+-------+-------++-------
Melee: Dagger            |       |       |     7 ||     7
 Cast: Magic Dart        |    68 |    83 |     9 ||   160
       Searing Ray       |     1 |     5 |       ||     6
  Use: Scroll            |     3 |     1 |       ||     4
       Potion            |     2 |     9 |     2 ||    13
Armor: Leather armour    |     4 |     9 |     2 ||    15
Dodge: Dodged            |     5 |    16 |     2 ||    23

Table legend: (Time is in decaauts)
 A = Elapsed time spent in this place.
 B = Non-inter-level travel time spent in this place.
 C = Inter-level travel time spent in this place.
 D = Time resting spent in this place.
 E = Time spent auto-exploring this place.
 F = Levels seen in this place.
 G = Mean time per level.
                   A        B        C        D        E       F      G
               +--------+--------+--------+--------+--------+-----+--------+
         Total |   3154 |   3125 |     29 |     39 |   2751 |   4 |  788.5 |
       Dungeon |   3154 |   3125 |     29 |     39 |   2751 |   4 |  788.5 |
               +--------+--------+--------+--------+--------+-----+--------+

Top non-repeatable levels by time:
     D:2: 1191 daAuts
     D:1: 906 daAuts
     D:3: 790 daAuts
     D:4: 266 daAuts
